 Dungeon Crawl Stone Soup version 0.13-a0-2590-g8c14591 (webtiles) character file.

477 Grabo the Ruffian (level 5, 0/40 HPs)
             Began as a Draconian Transmuter on Aug 2, 2013.
             Killed by divine providence
             ... invoked by an orc priest
              (14 damage)
             ... on Level 4 of the Dungeon.
             The game lasted 00:08:20 (3785 turns).

Grabo the Ruffian (Draconian Transmuter)            Turns: 3785, Time: 00:08:20

HP   0/40        AC  6     Str 13      XL: 5   Next: 72%
MP   1/7         EV 12     Int 13      God:
Gold 247         SH  0     Dex 12      Spells:  3 memorised,  2 levels left

Res.Fire  : . . .   See Invis. : .     - Unarmed
Res.Cold  : . . .   Warding    : .   (armour unavailable)
Life Prot.: . . .   Conserve   : .   (no shield)
Res.Poison: .       Res.Corr.  : .   (helmet restricted)
Res.Elec. : .       Clarity    : .   (no cloak)
Sust.Abil.: . .     Spirit.Shd : .   o - +0 pair of gauntlets
Res.Mut.  : .       Stasis     : .   (boots unavailable)
Res.Rott. : .       Flight     : .   (no amulet)
Saprovore : . . .                    (no ring)
                                     (no ring)

@: appendage (expiring), very slightly contaminated, slightly resistant to
hostile enchantments, unstealthy
A: unfitting armour, talons 3, blink 1, AC +5
a: End Transformation, Blink


You were on level 4 of the Dungeon.
You were hungry.
You had grown temporary talons.
You visited 1 branch of the dungeon, and saw 4 of its levels.

You collected 227 gold pieces.

Inventory:

Hand weapons
 b - a +2,+0 sling
 n - a +0,+0 dagger
 q - a +0,+0 dagger (quivered)
 r - a +0,+0 dagger
 x - a +0,+0 dagger
Missiles
 c - 26 arrows
 i - 22 stones
 m - 19 arrows of flame
 y - 14 silver sling bullets
Armour
 o - a +0 pair of gauntlets (worn)
Comestibles
 a - 2 bread rations
 h - 3 meat rations
 j - a snozzcumber
 l - a lemon
 s - a lychee
 t - a pear
Scrolls
 u - a scroll of blinking
 w - a scroll of identify
 z - 4 scrolls of remove curse {unknown}
Potions
 e - a potion of agility
 f - 2 potions of resistance
 g - 3 potions of speed
 k - a potion of heal wounds
 p - a potion of magic {unknown}
 v - 2 potions of curing {unknown}
 A - a potion of slowing {unknown}
Books
 d - a book of Changes

   Spells                             Type                      Level
   *Beastly Appendage                 Transmutation                1
   *Sticks to Snakes                  Transmutation                2
   *Spider Form                       Transmutation/Poison         3
   Ice Form                           Ice/Transmutation            4
   Blade Hands                        Transmutation                5


   Skills:
 - Level 1.1 Fighting
 - Level 1.7 Dodging
 * Level 5.8 Unarmed Combat
 - Level 2.0 Spellcasting
 + Level 3.5 Transmutations


You had 2 spell levels left.
You knew the following spells:

 Your Spells              Type           Power        Failure   Level  Hunger
a - Beastly Appendage     Trmt           ##....       8%          1    ##.....
b - Spider Form           Trmt/Pois      #.........   38%         3    ####...
c - Sticks to Snakes      Trmt           ##........   10%         2    ###....


Dungeon Overview and Level Annotations

Branches:
Dungeon (4/27)
 Temple: D:4-7

Altars:


Innate Abilities, Weirdness & Mutations

Your plain brown scales are hard (AC +5).*
Your body does not fit into most forms of armour.
Your cold-blooded metabolism reacts poorly to cold.
You have claws for feet.*
You can translocate small distances at will.


Message History

Your feet morph into talons.
The orc priest invokes the aid of Beogh against you.
Something smites you!
You barely miss the orc priest.
The orc priest hits you with an orcish flail.
You punch the orc priest!
The orc priest is heavily wounded.
You hit the orc priest.
The orc priest is heavily wounded.
The orc wizard gestures wildly while chanting.
The orc wizard flickers and vanishes!
Deactivating autopickup; reactivate with Ctrl-A.
The orc priest closely misses you.
Your transformation is almost over.
The orc priest completely misses you. It hits you.
You closely miss the orc priest.
The orc priest is heavily wounded.
The orc priest mumbles some strange prayers to Beogh against you.
Something smites you!
You die...

############## #o@..........#
#.##########.# ######## #.# #§#
.......########.##########.######
######..................§§§§>....
#.########.##o#####§§§§§#### #.#
#.##..o.§.§§§.)(... #.#
####.########.....###. #.#
#....#########...## #.


You could see an orc priest.

Vanquished Creatures
  2 worker ants (D:4)
  6 adders
  2 worms
  2 giant mites
  An inept item mimic (D:3)
  An adder skeleton (D:4)
  15 orcs
  5 giant cockroaches
  5 hobgoblins
  A quokka (D:2)
  4 ball pythons
  8 bats
  3 giant newts
  8 goblins
  4 jackals (D:2)
  11 kobolds
  11 rats
89 creatures vanquished.

Notes
Turn   | Place    | Note
--------------------------------------------------------------
     0 | D:1      | Grabo, the Draconian Transmuter, began the quest for the Orb.
     0 | D:1      | Reached XP level 1. HP: 16/16 MP: 1/1
   307 | D:1      | Reached XP level 2. HP: 10/23 MP: 3/3
   964 | D:2      | HP: 1/23 [poisoned by an adder]
  1260 | D:2      | Reached XP level 3. HP: 3/28 MP: 4/4
  1518 | D:2      | Reached skill level 4 in Unarmed Combat
  1800 | D:2      | Reached XP level 4. HP: 33/35 MP: 6/6
  2479 | D:3      | Reached skill level 5 in Unarmed Combat
  2817 | D:3      | Reached XP level 5. HP: 21/40 MP: 7/7
  2937 | D:3      | Gained mutation: You have a fast metabolism. [potion of mutation]
  2937 | D:3      | Gained mutation: You can translocate small distances at will. [potion of mutation]
  2937 | D:3      | Lost mutation: You have a fast metabolism. [potion of mutation]
  3411 | D:4      | Learned a level 3 spell: Spider Form
  3414 | D:4      | Learned a level 2 spell: Sticks to Snakes
  3785 | D:4      | Killed from afar by an orc priest

Action                   |  1- 3 |  4- 6 || total
-------------------------+-------+-------++-------
Melee: Unarmed           |   153 |   204 ||   357
 Fire: Sling             |       |    58 ||    58
Throw: Stone             |    33 |       ||    33
       Dagger            |    16 |     4 ||    20
 Cast: Beastly Appendage |     2 |     4 ||     6
  Use: Scroll            |     5 |     7 ||    12
       Potion            |       |     1 ||     1
 Stab: Sleeping          |     1 |     1 ||     2
